Wolfpack vs Wranglers
Created - April 7, 2024 at 22:50
Goals
|
| Wolfpack |
2 |
2 |
1 |
5 |
| Wranglers |
0 |
1 |
1 |
2 |
|
Shots
|
| Wolfpack |
10 |
17 |
5 |
32 |
| Wranglers |
12 |
9 |
5 |
26 |
|
1st period
1. Wolfpack , Connor Chatam 26 (Alex Barre-Boulet 11, Yegor Korshkov 4) at 12:01
2. Wolfpack , David Pope 33 (Stefan Noesen 26, Cale Fleury 8) at 15:54
Penalties :
Nico Sturm (Cal) for Interference (Minor) at 7:08
2nd period
3. Wranglers , Ryan Donato 12 (Erik Brannstrom 42, Eric Karlsson 16) at 4:16
4. Wolfpack , Alex Barre-Boulet 8 (Connor Chatam 21, Derrick Pouliot 30) at 17:18
5. Wolfpack , David Pope 34 (Casey Mittelstadt 47) at 17:22 (PP)
Penalties :
Peter Cehlarik (Cal) for Hooking (Minor) at 14:25, Peter Cehlarik (Cal) for Roughing (Minor) at 17:21, Ryan Culkin (Har) for Tripping (Minor) at 18:45
3rd period
6. Wolfpack , Owen Tippet 11 (Jake Marchment 7) at 7:47
7. Wranglers , Jesper Bratt 25 (Ryan Spooner 30) at 8:25
Penalties :
Stefan Noesen (Har) for Roughing (Minor) at 12:34, Michael Hutchinson (Cal) for Slashing (Minor) at 15:42 - Peter Cehlarik served the penalty
Goalie Stats
Eric Comrie (Har), 24 saves from 26 shots - (0.923), W, 27-14-6, 60:00 minutes
Michael Hutchinson (Cal), 27 saves from 32 shots - (0.844), L, 29-24-5, 60:00 minutes
Players Stats for Wolfpack
Player Name G A P +/- PIM S H SB GA TA FO MP PP MP PK MP
------------------------------------------------------------------------------------
Alex Barre-Boulet 1 1 2 1 0 2 1 0 0 0 1/3 11:48 0:00 0:00
Cale Fleury 0 1 1 2 0 1 1 1 0 1 0/0 11:49 0:00 0:00
Casey Mittelstadt 0 1 1 0 0 1 2 0 0 0 18/29 21:43 3:56 2:26
Colton White 0 0 0 0 0 1 0 0 0 1 0/0 20:55 2:22 1:53
Connor Chatam 1 1 2 1 0 1 0 0 0 0 0/0 11:58 0:06 0:00
David Pope 2 0 2 0 0 8 1 0 1 0 1/1 21:56 3:08 2:22
Derrick Pouliot 0 1 1 0 0 1 2 2 1 0 0/0 27:30 3:36 2:05
Dryden Hunt 0 0 0 0 0 1 2 0 1 0 0/0 16:04 2:26 1:26
Jake Marchment 0 1 1 1 0 1 1 0 1 1 0/1 10:10 0:26 0:10
Jakub Lauko 0 0 0 1 0 1 1 0 0 0 0/0 9:34 0:00 0:00
Joshua Jacobs 0 0 0 2 0 0 1 0 0 0 0/0 13:39 0:00 1:12
Nolan Patrick 0 0 0 0 0 2 3 0 0 2 4/12 16:19 1:36 1:22
Owen Tippet 1 0 1 1 0 2 1 0 0 0 0/0 9:34 0:00 0:00
Ryan Culkin 0 0 0 0 2 1 1 4 0 0 0/0 19:14 2:22 0:41
Sebastian Collberg 0 0 0 0 0 2 1 0 0 0 0/0 14:12 2:24 0:00
Stefan Noesen 0 1 1 0 2 4 5 0 1 0 3/4 19:53 3:28 0:00
Steven Santini 0 0 0 0 0 2 3 3 0 0 0/0 27:16 3:36 2:05
Yegor Korshkov 0 1 1 1 0 1 1 0 1 1 0/0 12:26 0:24 0:10
Players Stats for Wranglers
Player Name G A P +/- PIM S H SB GA TA FO MP PP MP PK MP
------------------------------------------------------------------------------------
Barclay Goodrow 0 0 0 0 0 1 1 0 0 1 0/0 17:59 1:47 3:55
Brandon Hickey 0 0 0 -1 0 1 0 0 0 0 0/0 18:14 0:32 2:06
Christian Jaros 0 0 0 -1 0 0 1 1 0 0 0/0 14:10 0:00 2:17
Eric Karlsson 0 1 1 1 0 3 2 0 1 0 0/0 12:51 0:01 1:16
Erik Brannstrom 0 1 1 0 0 1 0 2 0 2 0/0 17:56 1:54 0:11
Evgeny Svechnikov 0 0 0 0 0 3 2 0 2 0 0/1 17:20 2:10 0:00
Frank Corrado 0 0 0 0 0 0 2 3 0 0 0/0 19:27 2:04 0:00
Jesper Bratt 1 0 1 0 0 2 4 0 0 0 0/0 15:12 2:03 0:39
Nico Sturm 0 0 0 0 2 2 0 2 1 0 10/24 18:00 2:10 0:14
Peter Cehlarik 0 0 0 0 4 3 1 0 0 0 2/3 17:54 0:08 1:34
Petteri Lindbohm 0 0 0 -1 0 3 0 4 1 2 0/0 26:24 1:32 3:41
Rasmus Andersson 0 0 0 -1 0 3 1 1 0 0 0/0 23:49 1:54 3:41
Ryan Donato 1 0 1 1 0 1 1 0 1 0 4/9 14:50 1:47 2:45
Ryan Spooner 0 1 1 0 0 1 0 0 0 0 6/10 15:01 1:47 1:17
Tage Thompson 0 0 0 -3 0 1 3 1 0 1 0/1 11:02 0:00 0:00
Taylor Raddysh 0 0 0 1 0 1 0 0 0 0 0/0 11:28 0:01 0:00
Vitali Kravtsov 0 0 0 -3 0 0 0 0 0 0 0/0 11:11 0:00 0:08
Vladislav Kamenev 0 0 0 -3 0 0 3 0 0 0 1/2 11:11 0:00 0:08
3 Stars
1 - David Pope (Har)
2 - Alex Barre-Boulet (Har)
3 - Connor Chatam (Har)
Power Play
Wolfpack - 1 on 4 Attempt(s) - 25.00%
Wranglers - 0 on 2 Attempt(s) - 0.00%
Penalty Kill
Wolfpack - 2 on 2 Attempt(s) - 100.00%
- Score 0 goal in Penalty Kill
Wranglers - 3 on 4 Attempt(s) - 75.00%
- Score 0 goal in Penalty Kill
Team Stat
Wolfpack - Hits : 27 - Faceoff Wins : 27 - Blocked Shots : 10 - Penalty Minutes : 4
Wranglers - Hits : 21 - Faceoff Wins : 23 - Blocked Shots : 14 - Penalty Minutes : 8
Official
Referees : Reid Anderson and Michael Markovic
Linesman : Libor Suchanek and Jonny Murray
Game Notes
No Game Note
Finance
Level 1 -- Attendance: 1922 (96.10%) -- Ticket Income $134,540
Level 2 -- Attendance: 925 (92.50%) -- Ticket Income $37,000
Total Attendance: 2847 (94.90%)
Total Ticket Income: $171,540
Other Income: $8,577
Total Income: $180,117
Wolfpack
5 vs 5 Forward
Center Left Wing Right Wing Time % Phy DF OF
1 Casey Mittelstadt David Pope Stefan Noesen 40 1 2 2
2 Nolan Patrick Dryden Hunt Sebastian Collberg 30 1 2 2
3 Alex Barre-Boulet Yegor Korshkov Connor Chatam 20 1 2 2
4 Jake Marchment Jakub Lauko Owen Tippet 10 1 2 2
5 vs 5 Defense
Defense Defense Time % Phy DF OF
1 Derrick Pouliot Steven Santini 40 1 2 2
2 Ryan Culkin Colton White 30 1 2 2
3 Joshua Jacobs Cale Fleury 20 1 2 2
4 Derrick Pouliot Steven Santini 10 1 2 2
PowerPlay Forward
Center Left Wing Right Wing Time % Phy DF OF
1 Casey Mittelstadt David Pope Stefan Noesen 60 1 2 2
2 Nolan Patrick Dryden Hunt Sebastian Collberg 40 1 2 2
PowerPlay Defense
Defense Defense Time % Phy DF OF
1 Derrick Pouliot Steven Santini 60 1 2 2
2 Ryan Culkin Colton White 40 1 2 2
Penalty Kill 4 Players Forward
Center Wing Time % Phy DF OF
1 Casey Mittelstadt David Pope 60 1 2 2
2 Nolan Patrick Dryden Hunt 40 1 2 2
Penalty Kill 4 Players Defense
Defense Defense Time % Phy DF OF
1 Derrick Pouliot Steven Santini 60 1 2 2
2 Ryan Culkin Colton White 40 1 2 2
Penalty Kill - 3 Players Forward
Forward Time % Phy DF OF
1 Casey Mittelstadt 60 1 2 2
2 Nolan Patrick 40 1 2 2
Penalty Kill - 3 Players Defense
Defense Defense Time % Phy DF OF
1 Derrick Pouliot Steven Santini 60 1 2 2
2 Ryan Culkin Colton White 40 1 2 2
4 vs 4 Forward
Center Wing Time % Phy DF OF
1 Casey Mittelstadt David Pope 60 1 2 2
2 Nolan Patrick Dryden Hunt 40 1 2 2
4 vs 4 Defense
Defense Defense Time % Phy DF OF
1 Derrick Pouliot Steven Santini 60 1 2 2
2 Ryan Culkin Colton White 40 1 2 2
Last Minutes Offensive
Center Left Wing Right Wing Defense Defense
Casey Mittelstadt David Pope Stefan Noesen Derrick Pouliot Steven Santini
Last Minutes Defensive
Center Left Wing Right Wing Defense Defense
Casey Mittelstadt David Pope Stefan Noesen Derrick Pouliot Steven Santini
Goaltenders
Starting : Eric Comrie
Backup : Mike Condon
Extra Forwards
Normal : Casey Mittelstadt, Dryden Hunt, Nolan Patrick - PP : Casey Mittelstadt, Dryden Hunt - PK : Casey Mittelstadt
Extra Defensemen
Normal : Colton White, Joshua Jacobs, Cale Fleury - PP : Colton White - PK : Colton White, Joshua Jacobs
Penalty Shots
Stefan Noesen, David Pope, Sebastian Collberg, Connor Chatam, Casey Mittelstadt
Custom OT Lines Forwards
Stefan Noesen, David Pope, Sebastian Collberg, Connor Chatam, Casey Mittelstadt, Dryden Hunt, Nolan Patrick, Owen Tippet, Alex Barre-Boulet, Jake Marchment
Custom OT Lines Defensemen
Derrick Pouliot, Steven Santini, Ryan Culkin, Colton White, Joshua Jacobs
Scratches
Ryan Poehling (Healthy), Mason Shaw (Healthy), Samuel Houde (Healthy), K'Andre Miller (Healthy), Dylan Samberg (Healthy)
Mikhail Vorobyev (Healthy), Will Borgen (Healthy), Alexander Barabanov (Healthy), Andrew Peeke (Healthy), Dante Fabbro (Healthy)
Jeffrey Viel (Healthy), Linus Sandin (Healthy), Alexander Volkov (Healthy), Jack Drury (Healthy), Martin Kaut (Healthy)
Mathias Laferriere (Healthy), Samuel Ersson (Healthy), Jake Paterson (Healthy)
Wranglers
5 vs 5 Forward
Center Left Wing Right Wing Time % Phy DF OF
1 Nico Sturm Peter Cehlarik Evgeny Svechnikov 40 1 2 2
2 Ryan Spooner Jesper Bratt Barclay Goodrow 30 1 2 2
3 Ryan Donato Eric Karlsson Taylor Raddysh 20 1 2 2
4 Vladislav Kamenev Vitali Kravtsov Tage Thompson 10 1 2 2
5 vs 5 Defense
Defense Defense Time % Phy DF OF
1 Petteri Lindbohm Rasmus Andersson 40 1 2 2
2 Erik Brannstrom Frank Corrado 30 1 2 2
3 Christian Jaros Brandon Hickey 20 1 2 2
4 Petteri Lindbohm Brandon Hickey 10 1 2 2
PowerPlay Forward
Center Left Wing Right Wing Time % Phy DF OF
1 Nico Sturm Jesper Bratt Evgeny Svechnikov 60 1 2 2
2 Ryan Spooner Ryan Donato Barclay Goodrow 40 1 2 2
PowerPlay Defense
Defense Defense Time % Phy DF OF
1 Erik Brannstrom Rasmus Andersson 60 1 2 2
2 Petteri Lindbohm Frank Corrado 40 1 2 2
Penalty Kill 4 Players Forward
Center Wing Time % Phy DF OF
1 Peter Cehlarik Barclay Goodrow 60 1 2 2
2 Nico Sturm Jesper Bratt 40 1 2 2
Penalty Kill 4 Players Defense
Defense Defense Time % Phy DF OF
1 Petteri Lindbohm Rasmus Andersson 60 1 2 2
2 Christian Jaros Brandon Hickey 40 1 2 2
Penalty Kill - 3 Players Forward
Forward Time % Phy DF OF
1 Ryan Spooner 60 1 2 2
2 Barclay Goodrow 40 1 2 2
Penalty Kill - 3 Players Defense
Defense Defense Time % Phy DF OF
1 Petteri Lindbohm Rasmus Andersson 60 1 2 2
2 Christian Jaros Brandon Hickey 40 1 2 2
4 vs 4 Forward
Center Wing Time % Phy DF OF
1 Nico Sturm Jesper Bratt 60 1 2 2
2 Ryan Spooner Evgeny Svechnikov 40 1 2 2
4 vs 4 Defense
Defense Defense Time % Phy DF OF
1 Petteri Lindbohm Rasmus Andersson 60 1 2 2
2 Erik Brannstrom Frank Corrado 40 1 2 2
Last Minutes Offensive
Center Left Wing Right Wing Defense Defense
Nico Sturm Jesper Bratt Evgeny Svechnikov Erik Brannstrom Rasmus Andersson
Last Minutes Defensive
Center Left Wing Right Wing Defense Defense
Nico Sturm Peter Cehlarik Barclay Goodrow Petteri Lindbohm Rasmus Andersson
Goaltenders
Starting : Michael Hutchinson
Backup : Joel Hofer
Extra Forwards
Normal : Jesper Bratt, Peter Cehlarik, Barclay Goodrow - PP : Peter Cehlarik, Eric Karlsson - PK : Peter Cehlarik
Extra Defensemen
Normal : Petteri Lindbohm, Brandon Hickey, Christian Jaros - PP : Frank Corrado - PK : Brandon Hickey, Christian Jaros
Penalty Shots
Jesper Bratt, Evgeny Svechnikov, Peter Cehlarik, Vitali Kravtsov, Ryan Spooner
Custom OT Lines Forwards
Peter Cehlarik, Evgeny Svechnikov, Nico Sturm, Jesper Bratt, Ryan Spooner, Eric Karlsson, Ryan Donato, Taylor Raddysh, Barclay Goodrow, Vitali Kravtsov
Custom OT Lines Defensemen
Rasmus Andersson, Erik Brannstrom, Petteri Lindbohm, Frank Corrado, Brandon Hickey
Scratches
Filip Hallander (Healthy), Dominik Masin (Healthy), Skyler Brind'Amour (Healthy), John Gilmour (Healthy), Darren Raddysh (Healthy)
Tim Berni (Healthy), Ivan Chekhovich (Healthy), Trevor Carrick (Healthy), Radim Zohorna (Healthy), Demetrios Koumontzis (Healthy)
Vitek Vanecek (Healthy), Collin Delia (Healthy)
% Time on Ice - Wolfpack
Lines # - Real PCT - Wanted PCT - Time Play
Normal Forward
1 - 33% - 40% - 16:30
2 - 24% - 30% - 12:12
3 - 24% - 20% - 11:48
4 - 19% - 10% - 9:34
Normal Defense
1 - 38% - 40% - 18:59
2 - 34% - 30% - 16:51
3 - 23% - 20% - 11:38
4 - 5% - 10% - 2:36
PP Forward
1 - 60% - 60% - 3:34
2 - 40% - 40% - 2:24
PP Defense
1 - 60% - 60% - 3:36
2 - 40% - 40% - 2:22
PK Forward
1 - 86% - 60% - 3:24
2 - 14% - 40% - 0:34
PK Defense
1 - 53% - 60% - 2:05
2 - 47% - 40% - 1:53
PK3 Forward
1 - 0% - 60%
2 - 0% - 40%
PK3 Defense
1 - 0% - 60%
2 - 0% - 40%
44 Forward
1 - 0% - 60%
2 - 0% - 40%
44 Defense
1 - 0% - 60%
2 - 0% - 40%
Last Minute Offensive - 0:00
Last Minute Defensive - 0:00
Total
Forward - 60:00
Defense - 60:00
|
% Time on Ice - Wranglers
Lines # - Real PCT - Wanted PCT - Time Play
Normal Forward
1 - 34% - 40% - 16:54
2 - 24% - 30% - 11:50
3 - 21% - 20% - 10:18
4 - 22% - 10% - 11:02
Normal Defense
1 - 36% - 40% - 18:14
2 - 37% - 30% - 18:17
3 - 22% - 20% - 10:59
4 - 5% - 10% - 2:34
PP Forward
1 - 55% - 60% - 2:11
2 - 45% - 40% - 1:47
PP Defense
1 - 48% - 60% - 1:54
2 - 52% - 40% - 2:04
PK Forward
1 - 89% - 60% - 5:19
2 - 11% - 40% - 0:39
PK Defense
1 - 62% - 60% - 3:41
2 - 38% - 40% - 2:17
PK3 Forward
1 - 0% - 60%
2 - 0% - 40%
PK3 Defense
1 - 0% - 60%
2 - 0% - 40%
44 Forward
1 - 0% - 60%
2 - 0% - 40%
44 Defense
1 - 0% - 60%
2 - 0% - 40%
Last Minute Offensive - 0:00
Last Minute Defensive - 0:00
Total
Forward - 60:00
Defense - 60:00
|
Play-by-Play
1st period
0:01 of 1st period - Nico Sturm wins face-off versus Casey Mittelstadt in neutral zone.
0:06 of 1st period - Snap shot by Evgeny Svechnikov.
0:06 of 1st period - Stopped by Eric Comrie without a rebound.
0:07 of 1st period - Casey Mittelstadt wins face-off versus Nico Sturm in Wolfpack zone.
0:32 of 1st period - Ryan Spooner is hit by Nolan Patrick and loses puck.
0:49 of 1st period - Derrick Pouliot is hit by Rasmus Andersson and loses puck.
1:25 of 1st period - Slapshot by Owen Tippet.
1:25 of 1st period - Shot Blocked by Erik Brannstrom.
1:45 of 1st period - Peter Cehlarik is hit by David Pope and loses puck.
2:16 of 1st period - Snap shot by Ryan Donato.
2:16 of 1st period - Deflect By Eric Karlsson.
2:16 of 1st period - Shot Blocked by Ryan Culkin.
2:16 of 1st period - Puck is out of play.
2:17 of 1st period - Ryan Donato wins face-off versus Nolan Patrick in Wolfpack zone.
2:18 of 1st period - Slapshot by Rasmus Andersson.
2:18 of 1st period - Shot Hit the Post.
2:20 of 1st period - Wrist shot by Taylor Raddysh.
2:20 of 1st period - Deflect By Eric Karlsson.
2:20 of 1st period - Stopped by Eric Comrie without a rebound.
2:21 of 1st period - Casey Mittelstadt wins face-off versus Nico Sturm in Wolfpack zone.
2:33 of 1st period - Off-side.
2:34 of 1st period - Nolan Patrick wins face-off versus Ryan Spooner in neutral zone.
4:09 of 1st period - Snap shot by Jesper Bratt.
4:09 of 1st period - Shot Misses the Net.
4:30 of 1st period - Slapshot by Ryan Culkin.
4:30 of 1st period - Deflect By Ryan Spooner.
4:30 of 1st period - Stopped by Michael Hutchinson with a rebound.
4:32 of 1st period - Snap shot by Jake Marchment.
4:32 of 1st period - Deflect By Owen Tippet.
4:32 of 1st period - Stopped by Michael Hutchinson without a rebound.
4:33 of 1st period - Nico Sturm wins face-off versus Stefan Noesen in Wranglers zone.
5:00 of 1st period - Petteri Lindbohm is hit by Dryden Hunt.
5:09 of 1st period - Slapshot by Rasmus Andersson.
5:09 of 1st period - Shot Blocked by Cale Fleury.
5:11 of 1st period - Slapshot by Rasmus Andersson.
5:11 of 1st period - Stopped by Eric Comrie with a rebound.
5:29 of 1st period - Snap shot by Yegor Korshkov.
5:29 of 1st period - Shot Misses the Net.
6:24 of 1st period - Snap shot by Taylor Raddysh.
6:24 of 1st period - Stopped by Eric Comrie with a rebound.
6:26 of 1st period - Slapshot by Taylor Raddysh.
6:26 of 1st period - Shot Misses the Net.
7:08 of 1st period - Minor Penalty to Nico Sturm for Interference.
7:09 of 1st period - Peter Cehlarik wins face-off versus Casey Mittelstadt in Wranglers zone.
7:19 of 1st period - Off-side.
7:20 of 1st period - Peter Cehlarik wins face-off versus Casey Mittelstadt in neutral zone.
7:29 of 1st period - Wrist shot by Peter Cehlarik.
7:29 of 1st period - Shot Misses the Net.
7:33 of 1st period - Slapshot by Barclay Goodrow.
7:33 of 1st period - Stopped by Eric Comrie with a rebound.
7:45 of 1st period - Peter Cehlarik is hit by Nolan Patrick and loses puck.
8:11 of 1st period - Off-side.
8:12 of 1st period - Casey Mittelstadt wins face-off versus Ryan Donato in neutral zone.
8:31 of 1st period - Christian Jaros is hit by Stefan Noesen.
8:35 of 1st period - Barclay Goodrow is hit by Stefan Noesen and loses puck.
8:58 of 1st period - Snap shot by Stefan Noesen.
8:58 of 1st period - Shot Misses the Net.
9:00 of 1st period - Wrist shot by Casey Mittelstadt.
9:00 of 1st period - Shot Blocked by Christian Jaros.
9:08 of 1st period - Penalty to Nico Sturm is over, Nico Sturm is back on ice.
9:16 of 1st period - Wrist shot by David Pope.
9:16 of 1st period - Shot Misses the Net.
9:34 of 1st period - Snap shot by Casey Mittelstadt.
9:34 of 1st period - Stopped by Michael Hutchinson without a rebound.
9:35 of 1st period - Ryan Donato wins face-off versus Nolan Patrick in Wranglers zone.
10:02 of 1st period - Ryan Culkin is hit by Tage Thompson and loses puck.
10:21 of 1st period - Snap shot by Jakub Lauko.
10:21 of 1st period - Stopped by Michael Hutchinson with a rebound.
10:35 of 1st period - Snap shot by Evgeny Svechnikov.
10:35 of 1st period - Stopped by Eric Comrie without a rebound.
10:36 of 1st period - Nolan Patrick wins face-off versus Nico Sturm in Wolfpack zone.
10:45 of 1st period - Wrist shot by Sebastian Collberg.
10:45 of 1st period - Stopped by Michael Hutchinson without a rebound.
10:46 of 1st period - Nolan Patrick wins face-off versus Ryan Donato in Wranglers zone.
12:01 of 1st period - Wrist shot by Connor Chatam.
12:01 of 1st period - Goal by Connor Chatam - Wolfpack : 1 - Wranglers : 0.
12:02 of 1st period - David Pope wins face-off versus Nico Sturm in neutral zone.
12:14 of 1st period - Wrist shot by David Pope.
12:14 of 1st period - Stopped by Michael Hutchinson with a rebound.
12:16 of 1st period - Slapshot by Ryan Culkin.
12:16 of 1st period - Shot Blocked by Nico Sturm.
12:18 of 1st period - Snap shot by Colton White.
12:18 of 1st period - Deflect By David Pope.
12:18 of 1st period - Stopped by Michael Hutchinson without a rebound.
12:19 of 1st period - Ryan Spooner wins face-off versus Nolan Patrick in Wranglers zone.
12:30 of 1st period - Colton White is hit by Barclay Goodrow and loses puck.
12:51 of 1st period - Wrist shot by Stefan Noesen.
12:51 of 1st period - Stopped by Michael Hutchinson without a rebound.
12:52 of 1st period - Casey Mittelstadt wins face-off versus Peter Cehlarik in Wranglers zone.
12:59 of 1st period - Snap shot by Peter Cehlarik.
12:59 of 1st period - Stopped by Eric Comrie with a rebound.
13:01 of 1st period - Slapshot by Nico Sturm.
13:01 of 1st period - Stopped by Eric Comrie with a rebound.
13:03 of 1st period - Slapshot by Nico Sturm.
13:03 of 1st period - Stopped by Eric Comrie with a rebound.
13:05 of 1st period - Snap shot by Peter Cehlarik.
13:05 of 1st period - Stopped by Eric Comrie with a rebound.
13:07 of 1st period - Backhand shot by Peter Cehlarik.
13:07 of 1st period - Stopped by Eric Comrie with a rebound.
14:06 of 1st period - Slapshot by Petteri Lindbohm.
14:06 of 1st period - Shot Blocked by Derrick Pouliot.
14:08 of 1st period - Snap shot by Petteri Lindbohm.
14:08 of 1st period - Stopped by Eric Comrie with a rebound.
14:28 of 1st period - Wrist shot by Casey Mittelstadt.
14:28 of 1st period - Shot Blocked by Frank Corrado.
15:05 of 1st period - Ryan Donato is hit by Alex Barre-Boulet and loses puck.
15:54 of 1st period - Wrist shot by David Pope.
15:54 of 1st period - Goal by David Pope - Wolfpack : 2 - Wranglers : 0.
15:55 of 1st period - Nico Sturm wins face-off versus Casey Mittelstadt in neutral zone.
16:50 of 1st period - Slapshot by Ryan Culkin.
16:50 of 1st period - Shot Misses the Net.
17:10 of 1st period - Tage Thompson is hit by Steven Santini and loses puck.
17:29 of 1st period - Casey Mittelstadt is hit by Tage Thompson and loses puck.
17:33 of 1st period - Icing by Casey Mittelstadt.
17:34 of 1st period - Casey Mittelstadt wins face-off versus Nico Sturm in Wolfpack zone.
17:49 of 1st period - Stefan Noesen is hit by Evgeny Svechnikov and loses puck.
17:55 of 1st period - Off-side.
17:56 of 1st period - Ryan Spooner wins face-off versus Nolan Patrick in neutral zone.
17:59 of 1st period - Nolan Patrick is hit by Jesper Bratt and loses puck.
18:10 of 1st period - Wrist shot by Sebastian Collberg.
18:10 of 1st period - Shot Misses the Net.
18:12 of 1st period - Slapshot by Derrick Pouliot.
18:12 of 1st period - Shot Blocked by Petteri Lindbohm.
18:46 of 1st period - Ryan Donato is hit by Stefan Noesen and loses puck.
Goals for this period are 2 for Wolfpack vs 0 for Wranglers.
Shots for this period are 10 for Wolfpack vs 12 for Wranglers.
2nd period
0:01 of 2nd period - Nico Sturm wins face-off versus Casey Mittelstadt in neutral zone.
0:04 of 2nd period - Slapshot by Rasmus Andersson.
0:04 of 2nd period - Shot Blocked by Steven Santini.
0:06 of 2nd period - Wrist shot by Evgeny Svechnikov.
0:06 of 2nd period - Stopped by Eric Comrie with a rebound.
0:08 of 2nd period - Snap shot by Nico Sturm.
0:08 of 2nd period - Shot Misses the Net.
0:10 of 2nd period - Slapshot by Petteri Lindbohm.
0:10 of 2nd period - Stopped by Eric Comrie without a rebound.
0:11 of 2nd period - Casey Mittelstadt wins face-off versus Nico Sturm in Wolfpack zone.
0:11 of 2nd period - Casey Mittelstadt is hit by Evgeny Svechnikov.
1:21 of 2nd period - Wrist shot by Taylor Raddysh.
1:21 of 2nd period - Shot Misses the Net.
1:23 of 2nd period - Snap shot by Eric Karlsson.
1:23 of 2nd period - Shot Misses the Net.
1:25 of 2nd period - Wrist shot by Eric Karlsson.
1:25 of 2nd period - Shot Misses the Net.
1:41 of 2nd period - Cale Fleury is hit by Tage Thompson and loses puck.
2:31 of 2nd period - Brandon Hickey is hit by Casey Mittelstadt and loses puck.
2:47 of 2nd period - Off-side.
2:48 of 2nd period - Ryan Spooner wins face-off versus Nolan Patrick in neutral zone.
2:51 of 2nd period - Slapshot by Petteri Lindbohm.
2:51 of 2nd period - Stopped by Eric Comrie without a rebound.
2:52 of 2nd period - Ryan Spooner wins face-off versus Nolan Patrick in Wolfpack zone.
2:53 of 2nd period - Snap shot by Jesper Bratt.
2:53 of 2nd period - Shot Misses the Net.
3:01 of 2nd period - Wrist shot by Sebastian Collberg.
3:01 of 2nd period - Shot Misses the Net.
3:03 of 2nd period - Wrist shot by Sebastian Collberg.
3:03 of 2nd period - Shot Misses the Net.
3:05 of 2nd period - Wrist shot by Nolan Patrick.
3:05 of 2nd period - Stopped by Michael Hutchinson without a rebound.
3:06 of 2nd period - Nico Sturm wins face-off versus Casey Mittelstadt in Wranglers zone.
3:59 of 2nd period - Snap shot by Eric Karlsson.
3:59 of 2nd period - Stopped by Eric Comrie with a rebound.
4:01 of 2nd period - Snap shot by Eric Karlsson.
4:01 of 2nd period - Shot Misses the Net.
4:07 of 2nd period - Backhand shot by Eric Karlsson.
4:07 of 2nd period - Shot Misses the Net.
4:12 of 2nd period - Backhand shot by Erik Brannstrom.
4:12 of 2nd period - Shot Blocked by Derrick Pouliot.
4:16 of 2nd period - Snap shot by Ryan Donato.
4:16 of 2nd period - Goal by Ryan Donato - Wolfpack : 2 - Wranglers : 1.
4:17 of 2nd period - Nico Sturm wins face-off versus Nolan Patrick in neutral zone.
4:22 of 2nd period - Sebastian Collberg is hit by Peter Cehlarik and loses puck.
4:33 of 2nd period - Snap shot by Nolan Patrick.
4:33 of 2nd period - Stopped by Michael Hutchinson with a rebound.
4:51 of 2nd period - Snap shot by Alex Barre-Boulet.
4:51 of 2nd period - Shot Misses the Net.
5:23 of 2nd period - Dryden Hunt is hit by Vladislav Kamenev and loses puck.
5:48 of 2nd period - Evgeny Svechnikov is hit by Casey Mittelstadt.
6:03 of 2nd period - Snap shot by Jesper Bratt.
6:03 of 2nd period - Stopped by Eric Comrie without a rebound.
6:04 of 2nd period - Alex Barre-Boulet wins face-off versus Ryan Spooner in Wolfpack zone.
6:39 of 2nd period - Snap shot by Stefan Noesen.
6:39 of 2nd period - Stopped by Michael Hutchinson with a rebound.
7:17 of 2nd period - Sebastian Collberg is hit by Eric Karlsson and loses puck.
7:22 of 2nd period - Snap shot by Rasmus Andersson.
7:22 of 2nd period - Stopped by Eric Comrie with a rebound.
8:14 of 2nd period - Ryan Donato is hit by Jake Marchment and loses puck.
8:25 of 2nd period - Jakub Lauko is hit by Ryan Donato and loses puck.
8:36 of 2nd period - Snap shot by Derrick Pouliot.
8:36 of 2nd period - Shot Misses the Net.
8:38 of 2nd period - Wrist shot by Sebastian Collberg.
8:38 of 2nd period - Stopped by Michael Hutchinson without a rebound.
8:39 of 2nd period - Ryan Spooner wins face-off versus Nolan Patrick in Wranglers zone.
9:05 of 2nd period - Casey Mittelstadt is hit by Christian Jaros and loses puck.
9:34 of 2nd period - Peter Cehlarik is hit by Ryan Culkin.
10:10 of 2nd period - Slapshot by David Pope.
10:10 of 2nd period - Stopped by Michael Hutchinson without a rebound.
10:11 of 2nd period - Casey Mittelstadt wins face-off versus Tage Thompson in Wranglers zone.
10:14 of 2nd period - Snap shot by Stefan Noesen.
10:14 of 2nd period - Stopped by Michael Hutchinson with a rebound.
10:26 of 2nd period - Snap shot by Tage Thompson.
10:26 of 2nd period - Shot Misses the Net.
10:36 of 2nd period - Backhand shot by Tage Thompson.
10:36 of 2nd period - Shot Misses the Net.
10:38 of 2nd period - Snap shot by Tage Thompson.
10:38 of 2nd period - Stopped by Eric Comrie without a rebound.
10:39 of 2nd period - Nolan Patrick wins face-off versus Nico Sturm in Wolfpack zone.
12:12 of 2nd period - Slapshot by Rasmus Andersson.
12:12 of 2nd period - Shot Blocked by Ryan Culkin.
12:14 of 2nd period - Slapshot by Rasmus Andersson.
12:14 of 2nd period - Stopped by Eric Comrie without a rebound.
12:15 of 2nd period - Casey Mittelstadt wins face-off versus Nico Sturm in Wolfpack zone.
12:25 of 2nd period - Slapshot by Ryan Culkin.
12:25 of 2nd period - Deflect By David Pope.
12:25 of 2nd period - Shot Misses the Net.
12:25 of 2nd period - Puck is out of play.
12:26 of 2nd period - Casey Mittelstadt wins face-off versus Nico Sturm in Wranglers zone.
12:29 of 2nd period - Snap shot by David Pope.
12:29 of 2nd period - Stopped by Michael Hutchinson without a rebound.
12:30 of 2nd period - Casey Mittelstadt wins face-off versus Nico Sturm in Wranglers zone.
12:56 of 2nd period - Barclay Goodrow is hit by Steven Santini and loses puck.
13:38 of 2nd period - Tage Thompson is hit by Stefan Noesen and loses puck.
14:23 of 2nd period - Wrist shot by Alex Barre-Boulet.
14:23 of 2nd period - Stopped by Michael Hutchinson with a rebound.
14:25 of 2nd period - Minor Penalty to Peter Cehlarik for Hooking.
14:26 of 2nd period - Ryan Donato wins face-off versus Casey Mittelstadt in Wranglers zone.
14:39 of 2nd period - Wrist shot by David Pope.
14:39 of 2nd period - Stopped by Michael Hutchinson with a rebound.
14:41 of 2nd period - Slapshot by Derrick Pouliot.
14:41 of 2nd period - Deflect By Stefan Noesen.
14:41 of 2nd period - Shot Misses the Net.
14:41 of 2nd period - Puck is out of play.
14:42 of 2nd period - Casey Mittelstadt wins face-off versus Ryan Donato in Wranglers zone.
14:43 of 2nd period - Wrist shot by Stefan Noesen.
14:43 of 2nd period - Shot Misses the Net.
14:51 of 2nd period - Slapshot by David Pope.
14:51 of 2nd period - Stopped by Michael Hutchinson with a rebound.
14:53 of 2nd period - Wrist shot by David Pope.
14:53 of 2nd period - Shot Misses the Net.
14:55 of 2nd period - Slapshot by Steven Santini.
14:55 of 2nd period - Stopped by Michael Hutchinson with a rebound.
15:42 of 2nd period - Ryan Spooner is hit by Sebastian Collberg and loses puck.
16:25 of 2nd period - Penalty to Peter Cehlarik is over, Peter Cehlarik is back on ice.
16:35 of 2nd period - Peter Cehlarik is hit by Derrick Pouliot.
16:44 of 2nd period - Icing by Derrick Pouliot.
16:45 of 2nd period - Vladislav Kamenev wins face-off versus Alex Barre-Boulet in Wolfpack zone.
17:02 of 2nd period - Snap shot by Alex Barre-Boulet.
17:02 of 2nd period - Shot Misses the Net.
17:04 of 2nd period - Slapshot by Derrick Pouliot.
17:04 of 2nd period - Shot Misses the Net.
17:06 of 2nd period - Wrist shot by Yegor Korshkov.
17:06 of 2nd period - Stopped by Michael Hutchinson with a rebound.
17:08 of 2nd period - Slapshot by Derrick Pouliot.
17:08 of 2nd period - Stopped by Michael Hutchinson with a rebound.
17:10 of 2nd period - Snap shot by Yegor Korshkov.
17:10 of 2nd period - Shot Blocked by Tage Thompson.
17:12 of 2nd period - Slapshot by Steven Santini.
17:12 of 2nd period - Stopped by Michael Hutchinson with a rebound.
17:14 of 2nd period - Slapshot by Derrick Pouliot.
17:14 of 2nd period - Shot Misses the Net.
17:16 of 2nd period - Snap shot by Connor Chatam.
17:16 of 2nd period - Shot Misses the Net.
17:18 of 2nd period - Slapshot by Alex Barre-Boulet.
17:18 of 2nd period - Goal by Alex Barre-Boulet - Wolfpack : 3 - Wranglers : 1.
17:19 of 2nd period - Nico Sturm wins face-off versus Casey Mittelstadt in neutral zone.
17:21 of 2nd period - Minor Penalty to Peter Cehlarik for Roughing.
17:22 of 2nd period - Casey Mittelstadt wins face-off versus Ryan Donato in Wranglers zone.
17:22 of 2nd period - Snap shot by David Pope.
17:22 of 2nd period - Goal by David Pope - Wolfpack : 4 - Wranglers : 1.
17:23 of 2nd period - Casey Mittelstadt wins face-off versus Nico Sturm in neutral zone.
17:26 of 2nd period - Snap shot by Derrick Pouliot.
17:26 of 2nd period - Deflect By David Pope.
17:26 of 2nd period - Shot Blocked by Petteri Lindbohm.
17:26 of 2nd period - Puck is out of play.
17:27 of 2nd period - Nico Sturm wins face-off versus Casey Mittelstadt in Wranglers zone.
17:36 of 2nd period - Snap shot by Nico Sturm.
17:36 of 2nd period - Shot Misses the Net.
17:38 of 2nd period - Snap shot by Peter Cehlarik.
17:38 of 2nd period - Shot Misses the Net.
17:58 of 2nd period - Snap shot by Dryden Hunt.
17:58 of 2nd period - Stopped by Michael Hutchinson with a rebound.
18:45 of 2nd period - Minor Penalty to Ryan Culkin for Tripping.
18:46 of 2nd period - Casey Mittelstadt wins face-off versus Nico Sturm in Wolfpack zone.
18:46 of 2nd period - Casey Mittelstadt is hit by Jesper Bratt.
Goals for this period are 2 for Wolfpack vs 1 for Wranglers.
Shots for this period are 17 for Wolfpack vs 9 for Wranglers.
3rd period
0:01 of 3rd period - Casey Mittelstadt wins face-off versus Nico Sturm in neutral zone.
0:45 of 3rd period - Penalty to Ryan Culkin is over, Ryan Culkin is back on ice.
0:46 of 3rd period - Snap shot by Nolan Patrick.
0:46 of 3rd period - Shot Misses the Net.
0:48 of 3rd period - Backhand shot by Colton White.
0:48 of 3rd period - Stopped by Michael Hutchinson with a rebound.
0:50 of 3rd period - Snap shot by Joshua Jacobs.
0:50 of 3rd period - Shot Hit the Post.
1:22 of 3rd period - Slapshot by Tage Thompson.
1:22 of 3rd period - Shot Misses the Net.
1:24 of 3rd period - Snap shot by Vladislav Kamenev.
1:24 of 3rd period - Shot Misses the Net.
2:28 of 3rd period - Frank Corrado is hit by Steven Santini and loses puck.
2:39 of 3rd period - Casey Mittelstadt is hit by Frank Corrado and loses puck.
3:04 of 3rd period - Tage Thompson is hit by Yegor Korshkov and loses puck.
3:34 of 3rd period - Ryan Donato is hit by Stefan Noesen and loses puck.
4:00 of 3rd period - Christian Jaros is hit by Nolan Patrick.
4:17 of 3rd period - Derrick Pouliot is hit by Jesper Bratt and loses puck.
5:00 of 3rd period - Wrist shot by David Pope.
5:00 of 3rd period - Shot Blocked by Petteri Lindbohm.
5:02 of 3rd period - Slapshot by Cale Fleury.
5:02 of 3rd period - Stopped by Michael Hutchinson with a rebound.
5:14 of 3rd period - Petteri Lindbohm is hit by Cale Fleury and loses puck.
5:20 of 3rd period - Off-side.
5:21 of 3rd period - Stefan Noesen wins face-off versus Ryan Spooner in neutral zone.
6:34 of 3rd period - Joshua Jacobs is hit by Vladislav Kamenev and loses puck.
6:48 of 3rd period - Tage Thompson is hit by Joshua Jacobs and loses puck.
7:11 of 3rd period - Snap shot by Jake Marchment.
7:11 of 3rd period - Shot Misses the Net.
7:43 of 3rd period - Rasmus Andersson is hit by Jakub Lauko.
7:47 of 3rd period - Snap shot by Owen Tippet.
7:47 of 3rd period - Goal by Owen Tippet - Wolfpack : 5 - Wranglers : 1.
7:48 of 3rd period - Stefan Noesen wins face-off versus Evgeny Svechnikov in neutral zone.
7:53 of 3rd period - Snap shot by David Pope.
7:53 of 3rd period - Shot Blocked by Erik Brannstrom.
7:55 of 3rd period - Snap shot by Casey Mittelstadt.
7:55 of 3rd period - Shot Blocked by Frank Corrado.
8:17 of 3rd period - Slapshot by Jesper Bratt.
8:17 of 3rd period - Shot Misses the Net.
8:19 of 3rd period - Snap shot by Brandon Hickey.
8:19 of 3rd period - Stopped by Eric Comrie without a rebound.
8:20 of 3rd period - Ryan Spooner wins face-off versus Alex Barre-Boulet in Wolfpack zone.
8:25 of 3rd period - Slapshot by Jesper Bratt.
8:25 of 3rd period - Goal by Jesper Bratt - Wolfpack : 5 - Wranglers : 2.
8:26 of 3rd period - Nico Sturm wins face-off versus Casey Mittelstadt in neutral zone.
8:29 of 3rd period - Slapshot by Petteri Lindbohm.
8:29 of 3rd period - Shot Blocked by Steven Santini.
9:16 of 3rd period - Snap shot by Yegor Korshkov.
9:16 of 3rd period - Shot Misses the Net.
9:18 of 3rd period - Snap shot by Connor Chatam.
9:18 of 3rd period - Shot Blocked by Frank Corrado.
9:20 of 3rd period - Slapshot by Connor Chatam.
9:20 of 3rd period - Shot Misses the Net.
9:22 of 3rd period - Wrist shot by Yegor Korshkov.
9:22 of 3rd period - Shot Misses the Net.
9:32 of 3rd period - Jake Marchment is hit by Frank Corrado and loses puck.
9:46 of 3rd period - Icing by Cale Fleury.
9:47 of 3rd period - Stefan Noesen wins face-off versus Vladislav Kamenev in Wolfpack zone.
9:47 of 3rd period - Stefan Noesen is hit by Vladislav Kamenev.
9:55 of 3rd period - Slapshot by Joshua Jacobs.
9:55 of 3rd period - Deflect By Casey Mittelstadt.
9:55 of 3rd period - Shot Blocked by Petteri Lindbohm.
9:55 of 3rd period - Puck is out of play.
9:56 of 3rd period - Nico Sturm wins face-off versus Casey Mittelstadt in Wranglers zone.
10:09 of 3rd period - Wrist shot by David Pope.
10:09 of 3rd period - Shot Misses the Net.
10:31 of 3rd period - Snap shot by Nolan Patrick.
10:31 of 3rd period - Shot Blocked by Rasmus Andersson.
11:25 of 3rd period - Rasmus Andersson is hit by Dryden Hunt and loses puck.
11:53 of 3rd period - Snap shot by Sebastian Collberg.
11:53 of 3rd period - Shot Misses the Net.
12:01 of 3rd period - Icing by Frank Corrado.
12:02 of 3rd period - Casey Mittelstadt wins face-off versus Ryan Spooner in Wranglers zone.
12:15 of 3rd period - Slapshot by Erik Brannstrom.
12:15 of 3rd period - Stopped by Eric Comrie with a rebound.
12:17 of 3rd period - Wrist shot by Barclay Goodrow.
12:17 of 3rd period - Shot Blocked by Steven Santini.
12:19 of 3rd period - Snap shot by Ryan Spooner.
12:19 of 3rd period - Stopped by Eric Comrie with a rebound.
12:21 of 3rd period - Slapshot by Jesper Bratt.
12:21 of 3rd period - Shot Misses the Net.
12:34 of 3rd period - Minor Penalty to Stefan Noesen for Roughing.
12:35 of 3rd period - Casey Mittelstadt wins face-off versus Nico Sturm in Wolfpack zone.
12:43 of 3rd period - Casey Mittelstadt is hit by Jesper Bratt.
14:34 of 3rd period - Penalty to Stefan Noesen is over, Stefan Noesen is back on ice.
14:40 of 3rd period - Slapshot by Frank Corrado.
14:40 of 3rd period - Shot Misses the Net.
15:02 of 3rd period - Wrist shot by Taylor Raddysh.
15:02 of 3rd period - Shot Blocked by Ryan Culkin.
15:06 of 3rd period - Wrist shot by Peter Cehlarik.
15:06 of 3rd period - Shot Blocked by Ryan Culkin.
15:08 of 3rd period - Wrist shot by Eric Karlsson.
15:08 of 3rd period - Stopped by Eric Comrie with a rebound.
15:42 of 3rd period - Wrist shot by Stefan Noesen.
15:42 of 3rd period - Stopped by Michael Hutchinson without a rebound.
15:42 of 3rd period - Minor Penalty to Michael Hutchinson for Slashing.
15:43 of 3rd period - Casey Mittelstadt wins face-off versus Ryan Donato in Wranglers zone.
16:28 of 3rd period - Snap shot by Derrick Pouliot.
16:28 of 3rd period - Shot Blocked by Nico Sturm.
16:30 of 3rd period - Snap shot by Jake Marchment.
16:30 of 3rd period - Stopped by Michael Hutchinson without a rebound.
16:31 of 3rd period - Ryan Donato wins face-off versus Jake Marchment in Wranglers zone.
17:06 of 3rd period - Stefan Noesen is hit by Eric Karlsson and loses puck.
17:23 of 3rd period - Barclay Goodrow is hit by Derrick Pouliot and loses puck.
17:42 of 3rd period - Penalty to Peter Cehlarik is over, Peter Cehlarik is back on ice.
18:50 of 3rd period - Eric Karlsson is hit by Owen Tippet and loses puck.
Goals for this period are 1 for Wolfpack vs 1 for Wranglers.
Shots for this period are 5 for Wolfpack vs 5 for Wranglers.